 Dungeon Crawl Stone Soup version 0.32-a0-576-g706899e69d (webtiles) character file.

Game seed: 6270770640781183619

359 Aneyh the Ducker (level 6, -4/37 HPs)
             Began as a Tengu Monk on Mar 1, 2024.
             Slain by a phantom (5 damage)
             ... on level 4 of the Dungeon.
             The game lasted 00:03:49 (3193 turns).

Aneyh the Ducker (Tengu Monk)                       Turns: 3193, Time: 00:03:49

Health: -4/37      AC:  5    Str: 11    XL:     6   Next: 65%
Magic:  7/7        EV: 13    Int: 11    God:
Gold:   225        SH:  0    Dex: 18    Spells: 5/5 levels left

rFire   + + .        D - +2 whip (elec)
rCold   + + .        (no shield)
rNeg    . . .        g - +0 ring mail
rPois   +            (helmet restricted)
rElec   +            (no cloak)
rCorr   +            (no gloves)
SInv    .            (boots unavailable)
Will    .....        (no amulet)
Stlth   +            f - ring of protection from fire
HPRegen 0.26/turn    o - ring of protection from cold
MPRegen 0.10/turn

%: acrobat
@: mighty, lethally poisoned (-4 -> -9), resistant
A: beak, talons 3, acrobatic
a: no special abilities


You were on level 4 of the Dungeon.
You visited 1 branch of the dungeon, and saw 4 of its levels.

You collected 225 gold pieces.

Inventory:

Hand Weapons
 a - a +0 falchion
 b - a +0 war axe
 B - a +2 vampiric dagger
 C - a +0 spear
 D - a +2 whip of electrocution (weapon)
Armour
 d - an orb of light
 e - a +0 leather armour
 g - a +0 ring mail (worn)
 k - a +0 robe
Jewellery
 f - a ring of protection from fire (left hand)
 o - a ring of protection from cold (right hand)
Scrolls
 h - 4 scrolls of identify {unknown}
 l - a scroll of immolation {unknown}
 m - a scroll of summoning {unknown}
 n - a scroll of blinking {unknown}
 r - a scroll of noise {unknown}
 t - a scroll of revelation {unknown}
 v - 2 scrolls of poison {unknown}
 x - a scroll of fear {unknown}
 y - a scroll of enchant armour {unknown}
Potions
 p - a potion of magic {unknown}
 q - a potion of attraction {unknown}
 s - a potion of enlightenment {unknown}
 u - a potion of mutation {unknown}
 w - a potion of brilliance {unknown}
 z - a potion of lignification {unknown}
 A - a potion of degeneration {unknown}


   Skills:
 - Level 3.0 Fighting
 - Level 5.6 Long Blades
 * Level 6.5 Dodging


You had 5 spell levels left.
You didn't know any spells.
Your spell library contained the following spells:

 Spells                   Type           Power      Damage    Failure   Level
 Sting                    Conj/Alch      0%         1d3       65%         1
 Ensorcelled Hibernation  Hex/Ice        0%         N/A       78%         2
 Fugue of the Fallen      Necr           0%         N/A       95%         3
 Vampiric Draining        Necr           0%         2d6       95%         3
 Anguish                  Hex/Necr       0%         N/A       100%        4
 Animate Dead             Necr           0%         N/A       100%        4
 Leda's Liquefaction      Alch/Erth      0%         N/A       100%        4


Dungeon Overview and Level Annotations

Branches:
Dungeon (4/15)
 Temple: D:4-7

Altars:

Shops:
D:1 :


Innate Abilities, Weirdness & Mutations

You have a beak for a mouth.
You have claws for feet.
You can magically evade attacks while moving or waiting.


Message History

The ball python completely misses you. The ball python grabs you.
The ball python constricts you.
The ball python's grasp on you weakens, but your attempt to escape fails.
The ball python bites you. The ball python constricts you.
You barely miss the ball python. You claw the ball python.
You kill the ball python!
The scorpion stings you.
Unknown command.
The scorpion attacks as it pursues you! The scorpion completely misses you.
You closely miss the scorpion.
You claw the scorpion, but do no damage.
The scorpion barely misses you. The scorpion stings you.
You barely miss the scorpion. Your peck misses the scorpion.
The scorpion stings you but does no damage.
You hit the scorpion.
The scorpion is moderately wounded.
The scorpion misses you.
You hit the scorpion. You claw the scorpion. You peck the scorpion.
The scorpion is severely wounded.
The scorpion stings you. x2
* * * LOW HITPOINT WARNING * * *
You are lethally poisoned!
The scorpion poisons you!
You hit the scorpion.
Lightning courses through the scorpion!!
You kill the scorpion!
* * * LOW HITPOINT WARNING * * *
You feel very sick.
Unknown command.
It was a potion of might.
You feel very mighty all of a sudden.
* * * LOW HITPOINT WARNING * * *
You feel sick. The phantom hits you.
* * * LOW HITPOINT WARNING * * *
The phantom blinks!
You blink.
It was a potion of resistance.
You feel protected.
* * * LOW HITPOINT WARNING * * *
You feel sick. The phantom hits you.
You die...

....##.# .#####.# ... ##
##..# .. .###..## ..
.....#### ####.. .
........##..... .# #
###........#######.##...
# ####..................
#######.#.###..W@..##
...........(...##...#
.###....###.......#.....
.....######...##### ###.
#.#..##..§†...#
..##.##.###..###
.........##....#
)...####....##.....
)##.####...........


You could see a phantom.

Vanquished Creatures
  A scorpion (D:4)
  A hound (D:4)
  2 orc priests (D:4)
  An orc wizard (D:4)
  7 adders
  5 dart slugs
  3 ribbon worms
  11 orcs
  6 bats
  7 endoplasms
  4 giant cockroaches
  5 goblins
  8 hobgoblins
  2 jackals (D:4)
  3 kobolds
  3 quokkas
  9 ball pythons
  5 frilled lizards
  8 rats
91 creatures vanquished.

Notes
Turn   | Place    | Note
-------+----------+-------------------------------------------
     0 | D:1      | Aneyh the Tengu Monk began the quest for the Orb.
     0 | D:1      | Reached XP level 1. HP: 14/14 MP: 2/2
   147 | D:1      | Reached XP level 2. HP: 19/19 MP: 3/3
   361 | D:1      | Reached skill level 4 in Dodging
   416 | D:1      | Reached XP level 3. HP: 22/23 MP: 4/4
   500 | D:1      | Found Kiraas's Vocational Training.
   911 | D:2      | Reached XP level 4. HP: 20/28 MP: 5/5
  1157 | D:2      | Found a faded altar of an unknown god.
  1978 | D:3      | Reached XP level 5. HP: 17/32 MP: 6/6
  1986 | D:3      | Reached skill level 5 in Long Blades
  2220 | D:3      | Got Ygudghea's Compendium of Poisonous Shadows
  2923 | D:4      | Reached skill level 5 in Dodging
  3094 | D:4      | Reached XP level 6. HP: 27/37 MP: 7/7
  3174 | D:4      | Reached skill level 6 in Dodging
  3193 | D:4      | HP: 1/37 [poisoned by a scorpion]
  3193 | D:4      | Slain by a phantom

Illustrated notes

Levels and vault maps discovered:
D:1:      heliophobic_arrival_dark_side_of_the_moon, layout_loops_ring,
          corner_web_ring, nicolae_shop_vocational
D:2:      layout_basic, hellmonk_ecumenical_altar_zigzags, minmay_fountain_box,
          kennysheep_cross_bottleneck
D:3:      minmay_recursive_quarters, layout_loops_corners, chequers_mini_garden
D:4:      layout_rooms, serial_shops, nicolae_lakefront_shop, minivault_11

Skill      XL: |  1  2  3  4  5  6 |
---------------+-------------------+-----
Dodging        | 4 5 6 |  6.5
Long Blades    | 4 5 |  5.6
Fighting       | |  3.0

Action                     |  1- 3 |  4- 6 || total
---------------------------+-------+-------++-------
  Melee: Falchion          |    70 |   135 ||   205
         Kick              |    12 |    34 ||    46
         Peck              |     7 |    20 ||    27
         Whip              |       |    25 ||    25
    Use: Potion            |       |     3 ||     3
   Stab: Sleeping          |     3 |       ||     3
 Armour: Robe              |     9 |       ||     9
         Ring mail         |    15 |   115 ||   130
  Dodge: Dodged            |    41 |   145 ||   186

Table legend: (Time is in decaauts)
 A = Elapsed time spent in this place.
 B = Non-inter-level travel time spent in this place.
 C = Inter-level travel time spent in this place.
 D = Time resting spent in this place.
 E = Time spent auto-exploring this place.
 F = Levels seen in this place.
 G = Mean time per level.
                   A        B        C        D        E       F      G
               +--------+--------+--------+--------+--------+-----+--------+
         Total |   3208 |   3087 |    121 |      0 |   2518 |   4 |  802.0 |
       Dungeon |   3208 |   3087 |    121 |      0 |   2518 |   4 |  802.0 |
               +--------+--------+--------+--------+--------+-----+--------+

Top non-repeatable levels by time:
     D:3: 1086 daAuts
     D:2: 1056 daAuts
     D:1: 739 daAuts
     D:4: 324 daAuts
